 Dungeon Crawl Stone Soup version 0.25.0-11-g1f837a7 (webtiles) character file.

Game seed: 6046158210837916591

9297 Mitcholas the Protected (level 11, 13/82 HPs)
             Began as a Hill Orc Monk on June 26, 2020.
             Was an Elder of Beogh.
             Quit the game on level 11 of the Dungeon.
             The game lasted 00:42:25 (15022 turns).

Mitcholas the Protected (Hill Orc Monk)            Turns: 15022, Time: 00:42:26

Health: 13/82      AC: 19    Str: 18    XL:     11   Next: 44%
Magic:  20/20      EV:  7    Int: 16    God:    Beogh [****..]
Gold:   708        SH:  0    Dex: 13    Spells: 10/10 levels left

rFire    . . .     SeeInvis .   I - +0 war axe
rCold    . . .     Gourm    .   (no shield)
rNeg     . . .     Faith    .   n - +0 plate armour
rPois    .         Spirit   .   q - +1 helmet
rElec    .         Reflect  .   (no cloak)
rCorr    .         Harm     .   (no gloves)
MR       .....                  (no boots)
Stlth    ..........             i - amulet of regeneration
HPRegen  0.63/turn              t - +6 ring of intelligence
MPRegen  0.17/turn              u - ring of magical power

@: no status effects
A: no striking features
a: Smiting, Recall Orcish Followers, Renounce Religion


You were on level 11 of the Dungeon.
You worshipped Beogh.
Beogh was greatly pleased with you.
You were not hungry.

You visited 2 branches of the dungeon, and saw 12 of its levels.

You collected 708 gold pieces.

Inventory:

Hand Weapons
 D - the +6 hunting sling "Kek Avid" {venom, rF+++ rN+++ Str-3 Stlth+}
   (You found it on level 8 of the Dungeon)

   It poisons the ammo it fires.
   It affects your strength (-3).
   It renders you almost immune to fire.
   It renders you almost immune to negative energy.
   It makes you more stealthy.
 I - a +0 war axe (weapon)
Missiles
 c - 55 sling bullets
 j - 9 curare-tipped darts
 m - 3 throwing nets
 x - 2 boomerangs
 C - 26 poisoned darts (quivered)
Armour
 n - a +0 plate armour (worn)
 q - a +1 helmet (worn)
Jewellery
 i - an amulet of regeneration (around neck)
 t - a +6 ring of intelligence (left hand)
 u - a ring of magical power (right hand)
Wands
 h - a wand of enslavement (10)
 A - a wand of acid (3)
 E - a wand of digging (6)
 K - a wand of iceblast (8)
Scrolls
 b - 2 scrolls of enchant weapon
 d - 2 scrolls of vulnerability {unknown}
 e - a scroll of teleportation
 f - 6 scrolls of remove curse
 p - 2 scrolls of amnesia
 y - a scroll of fog {unknown}
 z - 3 scrolls of identify
 G - a scroll of fear
 J - a scroll of noise {unknown}
Potions
 g - a potion of invisibility
 k - a potion of heal wounds
 l - 2 potions of curing
 o - a potion of ambrosia
 r - 2 potions of might {unknown}
 s - 3 potions of brilliance
 v - 3 potions of magic
 w - 4 potions of haste
 B - a potion of flight {unknown}
 H - 2 potions of cancellation {unknown}
Comestibles
 a - 10 chunks of flesh
 F - 2 rations


   Skills:
 - Level 3.6 Fighting
 - Level 14.0 Axes
 + Level 14.4 Armour
 - Level 2.4 Dodging
 - Level 1.5 Stealth


You had 10 spell levels left.
You didn't know any spells.
Your spell library contained the following spells:

 Spells                   Type           Power        Failure   Level  Hunger
 Magic Dart               Conj           #...         98%         1    ##.....
 Blink                    Tloc           N/A          99%         2    ###....
 Call Imp                 Summ           #.......     99%         2    ###....
 Slow                     Hex            #.......     99%         2    ###....
 Conjure Flame            Conj/Fire      #.......     100%        3    ####...
 Mephitic Cloud           Conj/Pois/Air  #.......     100%        3    ####...


Dungeon Overview and Level Annotations

Branches:
Dungeon (11/15)            Temple (1/1) D:6            Lair (0/6) D:9
    Orc: D:9-12

Altars:
Ashenzari
Cheibriados
Dithmenos
Elyvilon
Fedhas
Gozag
Hepliaklqana
Kikubaaqudgha
Makhleb
Nemelex Xobeh
Okawaru
Qazlal
Ru
Sif Muna
Trog
Uskayaw
Vehumet
Wu Jian
Xom
Yredelemnul
Zin
The Shining One

Shops:
D:8 *   D:9 =?


Message History

The white ugly thing closely misses Ugrim.
There is an open door here.
Ugrim closely misses the white ugly thing.
The white ugly thing closely misses Ugrim.
The white ugly thing kicks Ugrim.
The white ugly thing freezes Ugrim!!
Ugrim hits the white ugly thing with a +2 glaive of venom!!
The white ugly thing kicks Ugrim!
The white ugly thing freezes Ugrim!
Ugrim hits the white ugly thing with a +2 glaive of venom.
The white ugly thing is poisoned.
The white ugly thing kicks Ugrim.
The white ugly thing freezes Ugrim!!
Ugrim dies!
You hit the white ugly thing.
The white ugly thing is almost dead.
The white ugly thing dies!
Beogh accepts your kill.
Items here: ( )) [ ††† It would be a sin to butcher the orc corpse of Ugrim!
It would be a sin to butcher the orc corpse of Ugrim!
It would be a sin to butcher the orc corpse of Ugrim!
Are you sure you want to abandon this character and quit the game? (Confirm with "yes".)

######### #........
################........
#........#.....'@.......
#........#.#####........
#........'.# #........
#........### #........
†........# #........
#........# #........
#........# #........
######'### #........
###..#


There were no monsters in sight!

Vanquished Creatures
  Erica (D:7)
  An ugly thing (D:11)
  A centaur zombie (D:8)
  A queen bee (D:8)
  2 hippogriffs
  Sigmund (D:6)
  6 yaks
  2 basilisks (D:8)
  2 hungry ghosts
  4 porcupines
  A phantom (D:8)
  2 ice beasts
  3 sky beasts
  5 ogres
  3 centaurs
  3 bullfrogs
  2 crocodiles
  A gnoll sergeant (D:9)
  4 scorpions
  12 killer bees
  7 wights
  5 howler monkeys
  2 crimson imps
  A quasit (D:9)
  5 hounds
  2 jellies
  An orc wizard (D:7)
  An orc priest (D:7)
  A centaur skeleton (D:5)
  A gnoll shaman (D:8)
  3 iron imps (D:5)
  2 iguanas
  7 worker ants
  A hound skeleton (D:8)
  3 worker ant zombies
  12 gnolls
  11 adders
  An ooze (D:1)
  An adder zombie (D:5)
  A worm (D:2)
  4 dart slugs
  6 leopard geckos
  17 orcs
  2 ball pythons
  6 giant cockroaches
  7 goblins
  11 hobgoblins
  7 jackals
  8 quokkas
  6 bats
  4 frilled lizards
  A jackal skeleton (D:7)
  6 kobolds
  A leopard gecko skeleton (D:6)
  9 rats
220 creatures vanquished.

Vanquished Creatures (collateral kills)
  An ugly thing (D:11)
  A gargoyle (D:10)
  A hornet (D:11)
  5 yaks
  A wraith (D:10)
  An ice beast (D:11)
  An ogre (D:10)
  A bullfrog (D:11)
  2 killer bees (D:7)
  A wight (D:10)
  2 crimson imps (D:10)
  A bullfrog zombie (D:11)
  A hound (D:10)
  An orc wizard (D:10)
  A white imp (D:11)
  A quokka (D:11)
22 creatures vanquished.

Vanquished Creatures (others)
  An orc knight (D:11)
  A wight (D:6)
  2 orc wizards (D:3)
  2 fungi (D:9)
6 creatures vanquished.

Grand Total: 248 creatures vanquished

Notes
Turn   | Place    | Note
-------+----------+-------------------------------------------
     0 | D:1      | Mitcholas the Hill Orc Monk began the quest for the Orb.
     0 | D:1      | Reached XP level 1. HP: 19/19 MP: 1/1
   217 | D:1      | Reached XP level 2. HP: 20/26 MP: 2/2
   375 | D:1      | Reached skill level 1 in Armour
   670 | D:1      | Reached skill level 5 in Axes
   670 | D:1      | Reached XP level 3. HP: 25/31 MP: 3/3
  1039 | D:2      | Found a stormy altar of Qazlal.
  1729 | D:2      | Reached XP level 4. HP: 39/39 MP: 4/4
  2528 | D:3      | Reached XP level 5. HP: 33/45 MP: 5/5
  2706 | D:3      | Became a worshipper of Beogh the Brigand
  2706 | D:3      | Reached * piety under Beogh
  2706 | D:3      | Reached ** piety under Beogh
  3330 | D:3      | Reached XP level 6. HP: 40/51 MP: 6/6
  4022 | D:4      | Found a white marble altar of Elyvilon.
  4850 | D:5      | Entered Level 5 of the Dungeon
  5077 | D:5      | Found Deybbeck's Magic Scroll Emporium.
  5146 | D:5      | Reached XP level 7. HP: 34/57 MP: 3/7
  6022 | D:5      | Found a burning altar of Makhleb.
  6054 | D:5      | Reached skill level 5 in Armour
  6219 | D:5      | Reached skill level 10 in Axes
  6327 | D:6      | Found a shattered altar of Ashenzari.
  6372 | D:6      | Found a glowing silver altar of Zin.
  6372 | D:6      | Noticed an angel
  6457 | D:6      | Found a staircase to the Ecumenical Temple.
  6481 | D:6      | Reached XP level 8. HP: 55/64 MP: 5/8
  6548 | Temple   | Entered the Ecumenical Temple
  7691 | D:6      | Noticed Sigmund
  7701 | D:6      | Killed Sigmund
  8338 | D:7      | Reached XP level 9. HP: 65/70 MP: 9/9
  8633 | D:7      | Found a shattered altar of Ashenzari.
  8840 | D:7      | Reached *** piety under Beogh
  8916 | D:7      | Found a hazy altar of Hepliaklqana.
  8953 | D:7      | Found a glowing golden altar of the Shining One.
  8961 | D:7      | Found an iron altar of Okawaru.
  9014 | D:7      | Got an encrusted cloak
  9020 | D:7      | Identified the cursed -3 cloak "Hyps" {rC- rN+ Dex+10
                  | Stlth-} (You found it on level 7 of the Dungeon)
  9201 | D:8      | Found Nulibbio's Demolitions Depot.
  9316 | D:8      | Noticed Erica
 10469 | D:8      | Noticed a queen bee
 10816 | D:8      | Killed a queen bee
 10816 | D:8      | Reached XP level 10. HP: 77/77 MP: 10/10
 10843 | D:7      | Killed Erica
 10843 | D:7      | Reached skill level 10 in Armour
 11072 | D:8      | Got a steaming hunting sling
 11073 | D:8      | Identified the +6 hunting sling "Kek Avid" {venom, rF+++
                  | rN+++ Str-3 Stlth+} (You found it on level 8 of the
                  | Dungeon)
 11580 | D:8      | Found a blossoming altar of Fedhas.
 12025 | D:6      | Found a shattered altar of Ashenzari.
 12046 | D:6      | Found a staircase to the Ecumenical Temple.
 12074 | D:6      | Found a glowing silver altar of Zin.
 13399 | D:9      | Found a staircase to the Lair.
 13505 | D:9      | Reached XP level 11. HP: 78/82 MP: 11/11
 13541 | D:9      | Found Anaps's Jewellery Boutique.
 13686 | D:9      | Found Kaji's Magic Scroll Shoppe.
 14194 | D:10     | Entered Level 10 of the Dungeon
 14278 | D:10     | Gained Ugrim as an ally
 14400 | D:10     | Reached **** piety under Beogh
 14939 | D:11     | Noticed a red ugly thing
 14946 | D:11     | Killed a red ugly thing
 15006 | D:11     | Noticed a white ugly thing
 15018 | D:11     | Your ally Ugrim died
 15020 | D:11     | Killed a white ugly thing
 15022 | D:11     | Quit the game

Illustrated notes

Levels and vault maps discovered:
D:1:      beargit_arrival_greenhouse, layout_basic
D:2:      layout_loops_ring, lemuel_crystal_altar
D:3:      minmay_chambers_of_twos, layout_basic, minmay_diced_spiral
D:4:      layout_cave_pools, elyvilon_altar_5, kennysheep_generic_room_8
D:5:      layout_basic, demons_altar, serial_shops, shop, first_ration,
          serial_bayou_ford_a
D:6:      layout_basic, ashenzari_altar_1, zin_angel,
          minmay_temple_entry_drinking_statues, minmay_hedge_maze, uniq_sigmund
D:7:      layout_rooms, okawaru_ov_weapons_minmay, lemuel_doored_altar,
          tso_oasis_becter, basic_altar, kennysheep_crisscross
D:8:      layout_basic, david_nohive_1, nicolae_blasting_shop, fedhas_altar_4,
          uniq_erica
D:9:      layout_loops_ring, minmay_lair_entry_grove, serial_shops, shop,
          nicolae_shop_temple_entry_statues_fountains
D:10:     layout_roguey
D:11:     layout_roguey, serial_ice, serial_ice_d, serial_ice_b, serial_ice_e,
          serial_ice_l, serial_ice_h, serial_ice_n, lemuel_tele_altar
Temple:   eino_temple_lava

Skill      XL: |  1  2  3  4  5  6  7  8  9 10 11 |
---------------+----------------------------------+-----
Armour         | 1 2 3 4 5 7 9 12 14 | 14.4
Axes           | 5 6 7 8 10 12 14 | 14.0
Fighting       | |  3.6
Dodging        | |  2.4
Stealth        | |  1.5

Action                   |  1- 3 |  4- 6 |  7- 9 | 10-12 || total
-------------------------+-------+-------+-------+-------++-------
Melee: Hand axe          |   129 |   326 |   505 |    21 ||   981
       War axe           |       |       |       |    84 ||    84
 Fire: Hunting sling     |       |       |       |   216 ||   216
Throw: Stone             |     3 |    23 |       |       ||    26
       Boomerang         |       |       |    52 |       ||    52
       Dart              |       |       |    21 |       ||    21
Invok: Convert to Beogh  |       |     1 |       |       ||     1
       Smiting           |       |       |     2 |       ||     2
Evoke: Wand              |       |       |     2 |       ||     2
  Use: Scroll            |       |     8 |     8 |       ||    16
       Potion            |       |       |     1 |       ||     1
 Stab: Sleeping          |     1 |       |       |       ||     1
       Distracted        |       |       |       |     2 ||     2
  Eat: Chunk             |     3 |     7 |     5 |    11 ||    26
       Ration            |       |     1 |     7 |     3 ||    11
Armor: Robe              |     4 |       |       |       ||     4
       Ring mail         |    35 |    22 |       |       ||    57
       Plate armour      |       |   157 |   350 |   274 ||   781
Dodge: Dodged            |    85 |   111 |   159 |    89 ||   444
